NCAA
ARIZONA WILDCATS @ ALABAMA CRIMSON TIDE
04/17/2024
 
TOP OF THE 1ST
Arizona Wildcats batting - Pitching for Alabama Crimson Tide : RHP Brad Small
Pitching: RHP Brad Small
Batting: SHB José Espinoza 0-0: Fly out, F5 (Popup, 5)
Batting: RHB Michael Tucker 0-0: Ground out 4-3 (Groundball, 4)
Batting: RHB Félix Gonzáles 0-0: Foul Ball, location: 2F
0-1: Ball
1-1: Swinging Strike
1-2: Ball
2-2: SOLO HOME RUN (Line Drive, 78XD), Distance : 387 ft
Batting: LHB Bruce Foster 0-0: Foul Ball, location: 2F
0-1: Ball
1-1: DOUBLE (Line Drive, 9LD)
Batting: RHB Alvin Cates 0-0: Ball
1-0: Foul Ball, location: 2F
1-1: Ball
2-1: Foul Ball, location: 2F
2-2: Ball
3-2: Base on Balls
Batting: RHB Gordon Owens 0-0: Foul Ball, location: 2F
0-1: Swinging Strike
0-2: Ball
1-2: Foul Ball, location: 2F
1-2: Foul Ball, location: 2F
1-2: Foul Ball, location: 2F
1-2: Fly out, F4 (Popup, 6MD)
Top of the 1st over - 1 run(s), 2 hit(s), 0 error(s), 2 left on base; Arizona 1 - Alabama 0
BOTTOM OF THE 1ST
Alabama Crimson Tide batting - Pitching for Arizona Wildcats : LHP Leonard Horton
Pitching: LHP Leonard Horton
Batting: SHB Jorge Dávila 0-0: Ball
1-0: Fly out, F8 (Flyball, 8RS)
Batting: RHB Eddie Howell 0-0: Foul Ball, location: 2F
0-1: Foul Ball, location: 2F
0-2: Ball
1-2: Ball
2-2: Strikes out looking
Batting: LHB Mike Godfrey 0-0: Called Strike
0-1: Foul Ball, location: 2F
0-2: Foul Ball, location: 2F
0-2: Ball
1-2: Ball
2-2: Ball
3-2: Foul Ball, location: 2F
3-2: DOUBLE (Line Drive, 7LS)
Batting: LHB Davey Davis 0-0: Called Strike
0-1: Fly out, F7 (Flyball, 7M)
Bottom of the 1st over - 0 run(s), 1 hit(s), 0 error(s), 1 left on base; Arizona 1 - Alabama 0
TOP OF THE 2ND
Arizona Wildcats batting - Pitching for Alabama Crimson Tide : RHP Brad Small
Batting: RHB Miguel Gonzáles 0-0: Called Strike
0-1: SINGLE (Line Drive, 3D)
Batting: RHB Gabriel Vázquez 0-0: Ball
1-0: Grounds into double play, 4-6-3 (Groundball, 4)
Batting: RHB Jordan Moore 0-0: Called Strike
0-1: Ball
1-1: Swinging Strike
1-2: Foul Ball, location: 2F
1-2: Ball
2-2: Ball
3-2: Strikes out swinging
Top of the 2nd over - 0 run(s), 1 hit(s), 0 error(s), 0 left on base; Arizona 1 - Alabama 0
BOTTOM OF THE 2ND
Alabama Crimson Tide batting - Pitching for Arizona Wildcats : LHP Leonard Horton
Batting: RHB Bob Johnson 0-0: Foul Ball, location: 2F
0-1: Ball
1-1: Ground out 4-3 (Groundball, 4M)
Batting: RHB Rob Mapp 0-0: Ball
1-0: Ground out 4-3 (Groundball, 4S)
Batting: RHB Andrew O'Dell 0-0: Foul Ball, location: 2F
0-1: Fly out, F8 (Flyball, 8RD)
Bottom of the 2nd over - 0 run(s), 0 hit(s), 0 error(s), 0 left on base; Arizona 1 - Alabama 0
TOP OF THE 3RD
Arizona Wildcats batting - Pitching for Alabama Crimson Tide : RHP Brad Small
Batting: SHB José Espinoza 0-0: Called Strike
0-1: SINGLE (Line Drive, 9S)
Batting: RHB Michael Tucker 0-0: Called Strike
0-1: Ball
1-1: Ball
2-1: Swinging Strike
2-2: Ball
3-2: Base on Balls
José Espinoza to second
Batting: RHB Félix Gonzáles 0-0: Foul Ball, location: 2F
0-1: Foul Ball, location: 2F
0-2: Ball
1-2: Fly out, F9 (Flyball, 9LM)
Batting: LHB Bruce Foster 0-0: Ball
1-0: Foul Ball, location: 2F
1-1: SINGLE (Flyball, 78S)
José Espinoza to third
Michael Tucker to second
Batting: RHB Alvin Cates 0-0: Called Strike
0-1: Ball
1-1: Foul Ball, location: 2F
1-2: Foul Ball, location: 2F
1-2: SINGLE (Line Drive, 4D)
José Espinoza scores
Michael Tucker to third
Bruce Foster to second
Batting: RHB Gordon Owens 0-0: Ball
1-0: Swinging Strike
1-1: Swinging Strike
1-2: Ball
2-2: Strikes out swinging
Batting: RHB Miguel Gonzáles 0-0: Ball
1-0: Ball
2-0: Foul Ball, location: 2F
2-1: SINGLE (Line Drive, 6M)
Michael Tucker scores
Bruce Foster to third
Alvin Cates to second
Runner from 3rd tries for Home, SAFE, throw made at trailing runner, OUT at third!
Top of the 3rd over - 3 run(s), 4 hit(s), 0 error(s), 1 left on base; Arizona 4 - Alabama 0
BOTTOM OF THE 3RD
Alabama Crimson Tide batting - Pitching for Arizona Wildcats : LHP Leonard Horton
Batting: LHB Jorge Cuero 0-0: Called Strike
0-1: Ball
1-1: Ground out 4-3 (Groundball, 4)
Batting: LHB Fred Abrams 0-0: Called Strike
0-1: Swinging Strike
0-2: Ground out U3 (Groundball, 3)
Batting: SHB Jorge Dávila 0-0: Ball
1-0: Swinging Strike
1-1: Ball
2-1: Ball
3-1: Base on Balls
Batting: RHB Eddie Howell 0-0: Swinging Strike
0-1: Ball
1-1: Foul Ball, location: 2F
1-2: Ball
2-2: Strikes out looking
Bottom of the 3rd over - 0 run(s), 0 hit(s), 0 error(s), 1 left on base; Arizona 4 - Alabama 0
TOP OF THE 4TH
Arizona Wildcats batting - Pitching for Alabama Crimson Tide : RHP Brad Small
Batting: RHB Gabriel Vázquez 0-0: Foul Ball, location: 2F
0-1: Ground out 1-3 (Groundball, 13S)
Batting: RHB Jordan Moore 0-0: Called Strike
0-1: Ball
1-1: Called Strike
1-2: Ground out 6-3 (Groundball, 6)
Batting: SHB José Espinoza 0-0: Called Strike
0-1: Ball
1-1: DOUBLE (Line Drive, 78D)
Batting: RHB Michael Tucker 0-0: Ball
1-0: Ball
2-0: Fly out, F9 (Flyball, 89M)
Top of the 4th over - 0 run(s), 1 hit(s), 0 error(s), 1 left on base; Arizona 4 - Alabama 0
BOTTOM OF THE 4TH
Alabama Crimson Tide batting - Pitching for Arizona Wildcats : LHP Leonard Horton
Batting: LHB Mike Godfrey 0-0: Called Strike
0-1: Ball
1-1: Called Strike
1-2: SINGLE (Line Drive, 56D)
Batting: LHB Davey Davis 0-0: Called Strike
0-1: Ball
1-1: SINGLE (Line Drive, 4MD)
Mike Godfrey to second
Mike Godfrey to third
Batting: RHB Bob Johnson 0-0: Called Strike
0-1: Ball
1-1: Ball
2-1: Ball
3-1: Swinging Strike
3-2: Base on Balls
Davey Davis to second
Batting: RHB Rob Mapp 0-0: Ball
1-0: Ball
2-0: Ball
3-0: Called Strike
3-1: Called Strike
3-2: Foul Ball, location: 2F
3-2: Grounds into double play, 6-4-3 (Groundball, 6M)
Mike Godfrey scores
Davey Davis to third
Batting: RHB Andrew O'Dell 0-0: Ball
1-0: Called Strike
1-1: Foul Ball, location: 2F
1-2: Ball
2-2: Foul Ball, location: 2F
2-2: Ball
3-2: Base on Balls
Batting: LHB Jorge Cuero 0-0: Ball
1-0: Called Strike
1-1: Swinging Strike
1-2: Ball
2-2: Strikes out swinging
Bottom of the 4th over - 1 run(s), 2 hit(s), 0 error(s), 2 left on base; Arizona 4 - Alabama 1
TOP OF THE 5TH
Arizona Wildcats batting - Pitching for Alabama Crimson Tide : RHP Brad Small
Batting: RHB Félix Gonzáles 0-0: Foul Ball, location: 2F
0-1: Called Strike
0-2: Foul Ball, location: 2F
0-2: Strikes out swinging
Batting: LHB Bruce Foster 0-0: Called Strike
0-1: Called Strike
0-2: Ball
1-2: Ground out 5-3 (Groundball, 56)
Batting: RHB Alvin Cates 0-0: Ball
1-0: Ball
2-0: Ball
3-0: Called Strike
3-1: Base on Balls
Pitching: LHP Ray Ross
Batting: RHB Gordon Owens 0-0: Ball
1-0: Ball
2-0: 2-RUN HOME RUN (Flyball, 9LD), Distance : 314 ft
Batting: RHB Miguel Gonzáles 0-0: Called Strike
0-1: Ball
1-1: Foul Ball, location: 2F
1-2: Ball
2-2: Ball
3-2: Strikes out looking
Top of the 5th over - 2 run(s), 1 hit(s), 0 error(s), 0 left on base; Arizona 6 - Alabama 1
BOTTOM OF THE 5TH
Alabama Crimson Tide batting - Pitching for Arizona Wildcats : LHP Leonard Horton
Batting: LHB Fred Abrams 0-0: Called Strike
0-1: Ball
1-1: Ground out 3-1 (Groundball, 34S)
Batting: SHB Jorge Dávila 0-0: Foul Ball, location: 2F
0-1: Ball
1-1: Foul Ball, location: 2F
1-2: Foul Ball, location: 2F
1-2: Ball
2-2: Ball
3-2: Strikes out swinging
Batting: RHB Eddie Howell 0-0: Ball
1-0: Ball
2-0: Ball
3-0: Base on Balls
Pitching: LHP Justin Zartuche
Batting: LHB Mike Godfrey 0-0: Fly out, F7 (Flyball, 78XD)
Bottom of the 5th over - 0 run(s), 0 hit(s), 0 error(s), 1 left on base; Arizona 6 - Alabama 1
TOP OF THE 6TH
Arizona Wildcats batting - Pitching for Alabama Crimson Tide : LHP Ray Ross
Batting: RHB Gabriel Vázquez 0-0: Ball
1-0: Ball
2-0: Ball
3-0: Called Strike
3-1: Foul Ball, location: 2F
3-2: Ground out 6-3 (Groundball, 6)
Batting: RHB Jordan Moore 0-0: Ball
1-0: Ball
2-0: Swinging Strike
2-1: Ball
3-1: Foul Ball, location: 2F
3-2: Strikes out swinging
Batting: SHB José Espinoza 0-0: Fly out, F5 (Popup, 25)
Top of the 6th over - 0 run(s), 0 hit(s), 0 error(s), 0 left on base; Arizona 6 - Alabama 1
BOTTOM OF THE 6TH
Alabama Crimson Tide batting - Pitching for Arizona Wildcats : LHP Justin Zartuche
Batting: LHB Davey Davis 0-0: Fly out, F7 (Flyball, 7S)
Batting: RHB Bob Johnson 0-0: Ground out 4-3 (Groundball, 4M)
Batting: RHB Rob Mapp 0-0: Called Strike
0-1: Ball
1-1: Swinging Strike
1-2: Ball
2-2: Foul Ball, location: 2F
2-2: Foul Ball, location: 2F
2-2: SINGLE (Groundball, 6)
Batting: RHB Andrew O'Dell 0-0: Ball
1-0: Ball
2-0: Called Strike
2-1: Ball
3-1: Swinging Strike
3-2: Foul Ball, location: 2F
3-2: Base on Balls
Rob Mapp to second
Batting: LHB Jorge Cuero 0-0: Called Strike
0-1: Ball
1-1: Foul Ball, location: 2F
1-2: SINGLE (Groundball, 56D)
Rob Mapp to third
Andrew O'Dell to second
Runner from 3rd tries for Home, SAFE, no throw or cutoff
Batting: LHB Fred Abrams 0-0: Fly out, F4 (Popup, 4S)
Bottom of the 6th over - 1 run(s), 2 hit(s), 0 error(s), 2 left on base; Arizona 6 - Alabama 2
TOP OF THE 7TH
Arizona Wildcats batting - Pitching for Alabama Crimson Tide : LHP Ray Ross
Batting: RHB Michael Tucker 0-0: Ball
1-0: Ball
2-0: Swinging Strike
2-1: Ball
3-1: Called Strike
3-2: Foul Ball, location: 2F
3-2: Foul Ball, location: 2F
3-2: Fly out, F8 (Flyball, 8LM)
Batting: RHB Félix Gonzáles 0-0: Ball
1-0: Ball
2-0: Called Strike
2-1: Ball
3-1: Foul Ball, location: 2F
3-2: Base on Balls
Pitching: RHP Jack Horton
Batting: LHB Bruce Foster 0-0: Ball
1-0: Swinging Strike
1-1: Ball
2-1: Swinging Strike
2-2: Ball
3-2: Strikes out swinging
Batting: RHB Alvin Cates 0-0: Ball
1-0: Called Strike
1-1: Ball
2-1: Called Strike
2-2: Fly out, F4 (Popup, 3DF)
Top of the 7th over - 0 run(s), 0 hit(s), 0 error(s), 1 left on base; Arizona 6 - Alabama 2
BOTTOM OF THE 7TH
Alabama Crimson Tide batting - Pitching for Arizona Wildcats : LHP Justin Zartuche
Batting: SHB Jorge Dávila 0-0: Ball
1-0: Foul Ball, location: 2F
1-1: Ball
2-1: Called Strike
2-2: Ball
3-2: Fly out, F9 (Flyball, 9LM)
Batting: RHB Eddie Howell 0-0: Called Strike
0-1: Ball
1-1: Called Strike
1-2: Strikes out swinging
Batting: LHB Mike Godfrey 0-0: Ball
1-0: Ball
2-0: Ball
3-0: Called Strike
3-1: Ground out 6-3 (Groundball, 6)
Bottom of the 7th over - 0 run(s), 0 hit(s), 0 error(s), 0 left on base; Arizona 6 - Alabama 2
TOP OF THE 8TH
Arizona Wildcats batting - Pitching for Alabama Crimson Tide : RHP Jack Horton
Batting: RHB Gordon Owens 0-0: Called Strike
0-1: Ball
1-1: SINGLE (Groundball, 56D)
Batting: RHB Miguel Gonzáles 0-0: Ball
1-0: Fly out, F9 (Flyball, 89S)
Batting: RHB Gabriel Vázquez 0-0: Ball
1-0: Ball
2-0: Fly out, F4 (Popup, 4MD)
Batting: RHB Jordan Moore 0-0: Called Strike
0-1: Ball
1-1: Foul Ball, location: 2F
1-2: Fly out, F8 (Flyball, 8LM)
Top of the 8th over - 0 run(s), 1 hit(s), 0 error(s), 1 left on base; Arizona 6 - Alabama 2
BOTTOM OF THE 8TH
Alabama Crimson Tide batting - Pitching for Arizona Wildcats : LHP Justin Zartuche
Batting: LHB Davey Davis 0-0: Called Strike
0-1: Ball
1-1: Called Strike
1-2: Ball
2-2: Strikes out swinging
Pitching: RHP Clancy Small
Batting: RHB Bob Johnson 0-0: Ball
1-0: Called Strike
1-1: Ground out 5-3 (Groundball, 56)
Batting: RHB Rob Mapp 0-0: Called Strike
0-1: Called Strike
0-2: Ball
1-2: Foul Ball, location: 2F
1-2: Strikes out looking
Bottom of the 8th over - 0 run(s), 0 hit(s), 0 error(s), 0 left on base; Arizona 6 - Alabama 2
TOP OF THE 9TH
Arizona Wildcats batting - Pitching for Alabama Crimson Tide : RHP Jack Horton
Batting: SHB José Espinoza 0-0: Called Strike
0-1: Swinging Strike
0-2: Ball
1-2: Ball
2-2: Ball
3-2: Foul Ball, location: 2F
3-2: Ground out 3-1 (Groundball, 34)
Batting: RHB Michael Tucker 0-0: Swinging Strike
0-1: Ball
Error on foul ball, E9
1-2: Foul Ball, location: 2F
1-2: Ball
2-2: Strikes out swinging
Batting: RHB Félix Gonzáles 0-0: Ball
1-0: SINGLE (Line Drive, 56D)
Batting: LHB Bruce Foster 0-0: Ground out 5-3 (Groundball, 56S)
Top of the 9th over - 0 run(s), 1 hit(s), 1 error(s), 1 left on base; Arizona 6 - Alabama 2
BOTTOM OF THE 9TH
Alabama Crimson Tide batting - Pitching for Arizona Wildcats : RHP Clancy Small
Pitching: RHP Augusto Escamilla
Batting: RHB Andrew O'Dell 0-0: Ball
1-0: Fly out, F4 (Popup, 4)
Batting: LHB Jorge Cuero 0-0: Called Strike
0-1: Foul Ball, location: 2F
0-2: Strikes out swinging
Batting: LHB Fred Abrams 0-0: Ground out 4-3 (Groundball, 13)
Bottom of the 9th over - 0 run(s), 0 hit(s), 0 error(s), 0 left on base; Arizona 6 - Alabama 2
This league is powered by Out of the Park Baseball, the baseball management simulation game for PC, Mac and Linux
Saturday, April 9th, 2016 - OOTP Baseball 16.8 Build 38